 Dungeon Crawl Stone Soup version 0.28-a0-476-g0f06bd746f (webtiles) character file.

Game seed: 8166231311883534104

342 robertstho the Magician (level 6, 0/43 HPs)
             Began as a Djinni Fire Elementalist on Sept 16, 2021.
             Slain by a river rat (4 damage)
             ... in a sewer.
             The game lasted 00:06:23 (3711 turns).

robertstho the Magician (Djinni Fire Elementalist)  Turns: 3711, Time: 00:06:24

Health: 0/43       AC:  3    Str: 13    XL:     6   Next: 88%
Gold:   97         EV: 12    Int: 18    God:
                   SH:  0    Dex: 14

rFire   + + +      SeeInvis .   d - +0 dagger
rCold   x x .      Faith    .   (no shield)
rNeg    . . .      Spirit   .   a - +1 robe
rPois   ∞          Reflect  .   (no helmet)
rElec   .          Harm     .   (no cloak)
rCorr   .          Rampage  .   (no gloves)
Will    .....                   (boots unavailable)
Stlth   ++........              (no amulet)
HPRegen 0.14/turn               c - +6 ring of strength
MPRegen 0.00/turn               g - ring of fire

@: flying
A: sickness immunity, fire resistance 2, cold vulnerability 1, float, innate
caster, hp casting, extra vitality 1
a: no special abilities


You were in a sewer.
You visited 1 branch of the dungeon, and saw 3 of its levels.
You also visited: Sewer.

You collected 97 gold pieces.

Inventory:

Hand Weapons
 d - a +0 dagger (weapon)
Armour
 a - a +1 robe (worn)
Jewellery
 c - a +6 ring of strength (left hand)
 g - a ring of fire (right hand)
Scrolls
 e - a scroll of enchant armour
 f - 2 scrolls of fog


   Skills:
 * Level 1.8 Fighting
 + Level 2.6 Dodging
 + Level 2.1 Stealth
 + Level 0.1 Unarmed Combat
 * Level 5.0 Spellcasting


You couldn't memorise any spells.
You knew the following spells:

 Your Spells              Type           Power      Damage    Failure   Level
a - Foxfire               Conj/Fire      100%       2x1d9     1%          1
b - Scorch                Fire           66%        2d8       2%          2
c - Conjure Flame         Conj/Fire      33%        6-21      4%          3
d - Inner Flame           Hex/Fire       33%        N/A       4%          3
e - Flame Wave            Conj/Fire      33%        3d7       17%         4
f - Sandblast             Erth           44%        2d11      1%          1
g - Passwall              Tmut/Erth      18%        N/A       2%          2
Your spell library was empty.

Dungeon Overview and Level Annotations

Branches:
Dungeon (3/15)              Sewer (1/1)

Altars:


Innate Abilities, Weirdness & Mutations

You are immune to sickness and miasma.
You are immune to poison.
Your flesh is very heat resistant. (rF++)
You are vulnerable to cold. (rC-)
You float through the air rather than walking.
You learn spells naturally, not from books.
Your magical power is your life essence.
You have superior vitality. (+4 HP)


Message History

You feel a surge of power!
You miscast Scorch.
You are very lightly contaminated with residual magic.
Nothing appears to happen.
* * * LOW HITPOINT WARNING * * *
Casting: Scorch (safe; 2% risk of failure)
Confirm with . or Enter, or press ? or * to list all spells.
The spell is quite dangerous to cast (17% risk of failure)!
Continue anyway?
Okay, then.
You aren't carrying any potions.
Casting: Flame Wave (quite dangerous; 17% risk of failure)
Confirm with . or Enter, or press ? or * to list all spells.
Okay, then.
Okay, then.
You aren't carrying any items that you can evoke.
Casting: Flame Wave (quite dangerous; 17% risk of failure)
Confirm with . or Enter, or press ? or * to list all spells.
You feel a surge of power!
Flames lash the river rat.
You kill the river rat!
* * * LOW HITPOINT WARNING * * *
The river rat bites you.
* * * LOW HITPOINT WARNING * * *
Your Spellcasting skill increases to level 5!
You see here a rat corpse.
You aren't carrying any potions.
Okay, then.
Your magical contamination has completely faded away.
The river rat twitches its whiskers.
The river rat bites you.
* * * LOW HITPOINT WARNING * * *
Found a gate leading back out of this place.
Casting: Scorch (safe; 2% risk of failure)
Confirm with . or Enter, or press ? or * to list all spells.
You feel a surge of power!
Flames lash the river rat.
The river rat is heavily wounded.
The river rat's fire resistance burns away.
* * * LOW HITPOINT WARNING * * *
The river rat is engulfed in a cloud of scalding steam.
You kill the river rat!
The river rat bites you.
You die...

# ########## ∩#
..≈...≈@.###.##
.≈≈≈≈≈≈r.......
≈≈≈≈≈≈≈≈≈≈≈≈≈≈≈
≈≈≈≈≈≈≈§≈≈≈≈≈≈≈
≈≈≈≈≈≈≈≈≈≈≈≈≈≈≈
≈≈≈≈≈..≈.≈.....
≈.≈.≈≈.≈.######
#######≈## #≈#


You could see a river rat.

Vanquished Creatures
  Sigmund (D:3)
  A centaur (D:3)
  Terence (D:2)
  An adder (D:3)
  3 river rats
  An orc (D:2)
  7 endoplasms
  4 giant cockroaches
  5 goblins
  2 hobgoblins
  6 jackals
  6 quokkas
  4 ball pythons
  3 bats
  A frilled lizard (D:2)
  4 kobolds
  5 rats
55 creatures vanquished.

Vanquished Creatures (others)
  130 foxfires
130 creatures vanquished.

Grand Total: 185 creatures vanquished

Notes
Turn   | Place    | Note
-------+----------+-------------------------------------------
     0 | D:1      | robertstho the Djinni Fire Elementalist began the quest for
                  | the Orb.
     0 | D:1      | Reached XP level 1. HP: 15/15 MP: 0/0
   441 | D:1      | Reached XP level 2. HP: 10/22 MP: 0/0
  2290 | D:2      | Noticed Terence
  2295 | D:2      | Killed Terence
  2296 | D:2      | Reached skill level 1 in Fighting
  2296 | D:2      | Reached skill level 3 in Spellcasting
  2296 | D:2      | Reached XP level 3. HP: 7/27 MP: 0/0
  2296 | D:2      | Learned a level 1 spell: Sandblast
  2606 | D:2      | Reached XP level 4. HP: 29/32 MP: 0/0
  3187 | D:2      | Found a faded altar of an unknown god.
  3584 | D:3      | Noticed Sigmund
  3584 | D:3      | Noticed a centaur
  3591 | D:3      | Killed Sigmund
  3592 | D:3      | Reached skill level 4 in Spellcasting
  3592 | D:3      | Reached XP level 5. HP: 18/38 MP: 0/0
  3592 | D:3      | Learned a level 2 spell: Passwall
  3592 | D:3      | Reached XP level 6. HP: 20/43 MP: 0/0
  3669 | D:3      | Found a glowing drain.
  3673 | Sewer    | Entered a sewer
  3679 | Sewer    | Reached skill level 5 in Spellcasting
  3711 | Sewer    | Slain by a river rat

Illustrated notes

Levels and vault maps discovered:
D:1:      psy_arrival_fountain, layout_loops_corners, minmay_small_reverse_x
D:2:      layout_loops_cross, shapermc_ecumenical_altar_flowoftime, uniq_terence
D:3:      layout_basic, yredelemnul_altar_generic, serial_curves,
          eino_curves_04, eino_curves_04, gup_sewer_entry_bowl, uniq_ijyb,
          uniq_jessica, uniq_sigmund
Sewer:    sewer_kobolds

Skill      XL: |  1  2  3  4  5  6 |
---------------+-------------------+-----
Fighting       | 1 |  1.8
Spellcasting   | 3 4 5 |  5.0
Stealth        | 2 |  2.1
Dodging        | |  2.6
Unarmed Combat | |  0.1

Action                   |  1- 3 |  4- 6 || total
-------------------------+-------+-------++-------
Melee: Dagger            |     5 |     3 ||     8
       Unarmed           |     2 |       ||     2
 Cast: Foxfire           |    45 |    45 ||    90
       Scorch            |     4 |    21 ||    25
  Use: Scroll            |       |     3 ||     3
       Potion            |       |     2 ||     2
Armor: Robe              |       |     8 ||     8
Dodge: Dodged            |    12 |    20 ||    32

Table legend: (Time is in decaauts)
 A = Elapsed time spent in this place.
 B = Non-inter-level travel time spent in this place.
 C = Inter-level travel time spent in this place.
 D = Time resting spent in this place.
 E = Time spent auto-exploring this place.
 F = Levels seen in this place.
 G = Mean time per level.
                   A        B        C        D        E       F      G
               +--------+--------+--------+--------+--------+-----+--------+
         Total |   3708 |   3638 |     70 |    246 |   2995 |   4 |  927.0 |
       Dungeon |   3671 |   3601 |     70 |    246 |   2995 |   3 | 1223.7 |
         Sewer |     37 |     37 |      0 |      0 |      0 |   1 |   37.0 |
               +--------+--------+--------+--------+--------+-----+--------+

Top non-repeatable levels by time:
     D:1: 1817 daAuts
     D:2: 1705 daAuts
     D:3: 147 daAuts
   Sewer: 37 daAuts
